 Dungeon Crawl Stone Soup version 0.21.0-3-g78d12a8 (webtiles) character file.

158 Ignatius881 the Magician (level 5, 0/35 HPs)
             Began as a Mummy Wizard on Jan 11, 2018.
             Killed from afar by Sigmund (9 damage)
             ... with a puff of flame
             ... on level 3 of the Dungeon.
             The game lasted 00:15:26 (5062 turns).

Ignatius881 the Magician (Mummy Wizard)             Turns: 5062, Time: 00:15:26

Health: 0/35       AC:  6    Str: 11    XL:     5   Next: 16%
Magic:  4/14       EV: 12    Int: 18    God:
Gold:   114        SH:  0    Dex: 10    Spells: 7/18 levels left

rFire    x . .     SeeInvis .   o - +0 hand axe
rCold    + . .     Gourm    .   (no shield)
rNeg     + + +     Faith    +   a - +0 robe
rPois    ∞         Spirit   .   m - +2 helmet
rElec    .         Reflect  .   (no cloak)
rCorr    .         Harm     .   g - +0 pair of gloves
MR       .....                  (no boots)
Stlth    ++........             d - amulet of faith {!P}
HPRegen  0.11/turn              (no ring)
MPRegen  0.14/turn              (no ring)

@: no status effects
A: no food or potions, fire vulnerability, cold resistance 1, negative energy
resistance 3, torment resistance, unbreathing
a: no special abilities


You were on level 3 of the Dungeon.
You were not hungry.

You visited 1 branch of the dungeon, and saw 3 of its levels.

You collected 114 gold pieces.

Inventory:

Hand Weapons
 o - a +0 hand axe (weapon)
   (You found it on level 3 of the Dungeon)
Armour
 a - a +0 robe (worn)
 b - a +0 hat
 g - a +0 pair of gloves (worn)
   (You found it on level 1 of the Dungeon)
 m - a +2 helmet (worn)
   (You found it on level 2 of the Dungeon)
Jewellery
 d - an amulet of faith (around neck) {!P}
   (You found it on level 1 of the Dungeon)
Scrolls
 e - 4 scrolls of amnesia {unknown}
 f - 4 scrolls of remove curse {unknown}
 h - a scroll of enchant weapon {unknown}
 i - 2 scrolls of identify {unknown}
 j - 3 scrolls of fear {unknown}
 k - a scroll of immolation {unknown}
 l - a scroll of blinking {unknown}
 n - a scroll of teleportation {unknown}
Books
 c - a book of Minor Magic


   Skills:
 - Level 1.5 Dodging
 - Level 1.5 Stealth
 * Level 7.3 Spellcasting
 - Level 0.7 Conjurations
 - Level 0.7 Summonings
 - Level 0.7 Translocations


You had 7 spell levels left.
You knew the following spells:

 Your Spells              Type           Power        Failure   Level  Hunger
a - Magic Dart            Conj           #...         8%          1    N/A
b - Blink                 Tloc           N/A          12%         2    N/A
c - Call Imp              Summ           #.......     12%         2    N/A
d - Conjure Flame         Conj/Fire      #.......     26%         3    N/A
e - Mephitic Cloud        Conj/Pois/Air  #.......     28%         3    N/A

Dungeon Overview and Level Annotations

Branches:
Dungeon (3/15)

Altars:
Kikubaaqudgha
Nemelex Xobeh
Zin

Shops:
D:3 *

Annotations:
D:3 Sigmund


Innate Abilities, Weirdness & Mutations

You do not eat or drink.
Your flesh is vulnerable to fire.
You are immune to poison.
Your flesh is cold resistant. (rC+)
You are immune to negative energy. (rN+++)
You are immune to unholy pain and torment.
You can survive without breathing.


Message History

Your crimson imp blinks!
Aim: Sigmund, wielding a scythe, wearing a runed robe and carrying a wand of flame (31)
The magic dart hits Sigmund.
Sigmund zaps a wand.
The puff of flame hits you! The fire burns you terribly!
Aim: Sigmund, wielding a scythe, wearing a runed robe and carrying a wand of flame (30)
The magic dart hits Sigmund.
Sigmund gestures at you while chanting. The magic dart hits you!
Aim: Sigmund, wielding a scythe, wearing a runed robe and carrying a wand of flame (30)
The magic dart hits Sigmund.
Aim: Sigmund, wielding a scythe, wearing a runed robe and carrying a wand of flame (30)
The magic dart hits Sigmund.
Sigmund gestures at you while chanting.
You are confused.
Are you sure you want to stumble around while confused and next to your crimson imp? [Y]es or [N]o only, please.
Are you sure you want to stumble around while confused and next to your crimson imp? [Y]es or [N]o only, please.
Are you sure you want to stumble around while confused and next to your crimson imp? [Y]es or [N]o only, please.
Are you sure you want to stumble around while confused and next to your crimson imp? [Y]es or [N]o only, please.
Are you sure you want to stumble around while confused and next to your crimson imp? [Y]es or [N]o only, please.
Are you sure you want to stumble around while confused and next to your crimson imp?
Uppercase [Y]es or [N]o only, please.
Are you sure you want to stumble around while confused and next to your crimson imp?
Sigmund mumbles some strange words.
Sigmund flickers and vanishes!
Level annotation: Sigmund Welcome back, Ignatius881 the Mummy Wizard.
Are you sure you want to stumble around while confused and next to your crimson imp?
Uppercase [Y]es or [N]o only, please.
Are you sure you want to stumble around while confused and next to your crimson imp?
You miss your crimson imp.
A magic dart appears from out of thin air!
Deactivating autopickup; reactivate with Ctrl-A.
The magic dart hits you!
The crimson imp blinks!
You hear a zap.
A puff of flame appears from out of thin air!
The puff of flame hits you! The fire burns you terribly!
* * * LOW HITPOINT WARNING * * *
You bump into the rock wall.
Something hits you.
* * * LOW HITPOINT WARNING * * *
You feel less confused.
A puff of flame appears from out of thin air!
The puff of flame hits you! The fire burns you terribly!
You die...

#........#................÷######
#...∩..........#..#.##.#.........
........##.....#..#.##.#...###÷.<
.........#..#.##.......#.### #.##
###.....##.##.##..#.####.# #.#
##..............#.# #.# #.##
##.##.)...#.##.(.# #.# #)#.
#.##...#...##.#.####.# #.#.
#####.##.)......@..#.....# #.#.
.....#...).######.#.####.# #.#.
#####.####.######.### #.# #.#.
#.# #.........# #.# #.#.
#.###..########## #.#####.#.
###.##............# #....##.#.
#.......#########.# ####.##...
#.#####.# #.# #.###.. #.# #.# #.#
#.# #.#


There were no monsters in sight!

Vanquished Creatures
  An orc priest (D:3)
  2 adders
  3 oozes
  2 worms
  2 dart slugs
  2 orcs (D:3)
  12 bats
  3 giant cockroaches
  12 hobgoblins
  2 jackals (D:1)
  2 quokkas (D:3)
  6 frilled lizards
  11 goblins
  5 kobolds
  4 rats
69 creatures vanquished.

Vanquished Creatures (collateral kills)
  Robin (D:3)
  2 worms (D:3)
  2 jackals (D:3)
  A quokka (D:3)
  2 goblins (D:3)
8 creatures vanquished.

Grand Total: 77 creatures vanquished

Notes
Turn   | Place    | Note
-------+----------+-------------------------------------------
     0 | D:1      | Ignatius881 the Mummy Wizard began the quest for the Orb.
     0 | D:1      | Reached XP level 1. HP: 13/13 MP: 5/5
   189 | D:1      | Reached XP level 2. HP: 19/19 MP: 1/7
   248 | D:1      | Learned a level 2 spell: Blink
   251 | D:1      | Learned a level 2 spell: Call Imp
   864 | D:1      | Reached skill level 5 in Spellcasting
  1691 | D:2      | Reached XP level 3. HP: 24/24 MP: 0/9
  1777 | D:2      | Learned a level 3 spell: Conjure Flame
  1781 | D:2      | Learned a level 3 spell: Mephitic Cloud
  2459 | D:2      | Found a sparkling altar of Nemelex Xobeh.
  2569 | D:2      | Reached skill level 6 in Spellcasting
  2993 | D:2      | Found an ancient bone altar of Kikubaaqudgha.
  3245 | D:3      | Reached XP level 4. HP: 30/30 MP: 8/12
  3613 | D:3      | Found Zin's Purification Station.
  3702 | D:3      | Found a glowing silver altar of Zin.
  3706 | D:3      | Noticed Robin
  4112 | D:3      | Killed Robin
  4112 | D:3      | Reached skill level 7 in Spellcasting
  4297 | D:3      | Reached XP level 5. HP: 35/35 MP: 11/14
  4618 | D:3      | Noticed Sigmund
  5062 | D:3      | Killed from afar by Sigmund

Skill      XL: |  1  2  3  4 |
---------------+-------------+-----
Spellcasting   | 5 6 7 |  7.3
Dodging        | |  1.5
Stealth        | |  1.5
Conjurations   | |  0.7
Summonings     | |  0.7
Translocations | |  0.7

Action                   |  1- 3 |  4- 6 || total
-------------------------+-------+-------++-------
Melee: Unarmed           |     5 |    10 ||    15
       Hand axe          |       |     1 ||     1
 Cast: Magic Dart        |   149 |   104 ||   253
       Call Imp          |     2 |    11 ||    13
Armor: Robe              |     7 |    17 ||    24
Dodge: Dodged            |    30 |    29 ||    59
